 Dungeon Crawl Stone Soup version 0.26-a0-662-g8b9c6dab81 (webtiles) character file.

Game seed: 13421959825253222593

40707 grandjackal the Pandemonic (level 13, -5/107 HPs)
             Began as a Demonspawn Gladiator on Oct 9, 2020.
             Was a High Priest of Makhleb.
             Slain by a small abomination (11 damage)
             ... on level 1 of the Abyss on Oct 10, 2020.
             The game lasted 00:20:52 (12885 turns).

grandjackal the Pandemonic (Demonspawn Gladiator)  Turns: 12885, Time: 00:20:52

Health: -5/107     AC: 13    Str: 21 (24) XL:     13   Next: 76%
Magic:  23/23      EV: 10    Int:  6 (9)  God:    Makhleb [*****.]
Gold:   556        SH:  0    Dex: 14 (18) Spells: 12/12 levels left

rFire    . . .     SeeInvis .   C - +9 sword of Zonguldrok {reap}
rCold    + + .     Faith    .   (no shield)
rNeg     . . .     Spirit   .   E - +1 chain mail of Noughts and Crosses {*Drain rC+ Regen+ Str+3} (curse)
rPois    .         Reflect  .   q - +2 helmet
rElec    .         Harm     .   B - +0 cloak
rCorr    .         Rampage  .   (no gloves)
MR       .....                  (boots unavailable)
Stlth    ..........             z - amulet of magic regeneration
HPRegen  0.67/turn              t - ring of wizardry
MPRegen  0.43/turn              O - +4 ring of protection

@: constricted
A: hooves 3, thin skeletal structure 2, cold resistance 1, [deformed body],
demonic guardian 1, [deterioration 2], freezing cloud immunity
a: Minor Destruction, Lesser Servant of Makhleb, Major Destruction, Greater
Servant of Makhleb, Renounce Religion


You were on level 1 of the Abyss.
You worshipped Makhleb.
Makhleb was extremely pleased with you.
You visited 1 branch of the dungeon, and saw 12 of its levels.
You visited the Abyss 2 times.

You collected 831 gold pieces.
You spent 275 gold pieces at shops.

Inventory:

Hand Weapons
 a - a +0 long sword
 b - a +3 scimitar of flaming
 A - a +0 rapier of freezing
 C - the +9 sword of Zonguldrok (weapon) {reap}
   (You found it on level 7 of the Dungeon)

   If a monster killed with it leaves a corpse in good enough shape, the corpse
   will be animated as a zombie friendly to the killer.
 R - a +4 scimitar of flaming
Missiles
 d - 2 throwing nets (quivered)
 r - 5 curare-tipped darts
Armour
 q - a +2 helmet (worn)
 B - a +0 cloak (worn)
 E - the cursed +1 chain mail of Noughts and Crosses (worn) {*Drain rC+ Regen+ Str+3}
   (You bought it in a shop on level 8 of the Dungeon)

   It affects your strength (+3).
   It protects you from cold.
   It increases your rate of regeneration.
   It causes draining when unequipped.
   It has a curse placed upon it.
 H - +0 swamp dragon scales
Jewellery
 t - a ring of wizardry (left hand)
 z - an amulet of magic regeneration (around neck)
 N - an uncursed ring of protection from fire {unknown}
 O - a +4 ring of protection (right hand)
 S - a cursed amulet of inaccuracy {unknown}
Wands
 c - a wand of polymorph (11)
 s - a wand of iceblast (11)
 w - a wand of digging (4)
 G - a wand of acid (5)
 I - a wand of flame (22)
 Q - a wand of random effects (16)
Scrolls
 f - 3 scrolls of enchant weapon {unknown}
 g - 2 scrolls of fog {unknown}
 i - 4 scrolls of amnesia {unknown}
 l - 11 scrolls of remove curse {unknown}
 n - 3 scrolls of magic mapping {unknown}
 u - 4 scrolls of immolation
 x - 4 scrolls of blinking {unknown}
 y - a scroll of acquirement {unknown}
 D - a scroll of noise {unknown}
 M - a scroll of enchant armour {unknown}
 P - a scroll of silence {unknown}
Potions
 e - a potion of cancellation
 h - 3 potions of lignification
 j - a potion of mutation
 k - 4 potions of heal wounds
 m - 5 potions of curing
 o - 4 potions of stabbing
 p - 3 potions of brilliance
 v - a potion of berserk rage
 J - a potion of haste
 K - a potion of might
Miscellaneous
 F - a tin of tremorstones (2/3)


   Skills:
 + Level 11.8 Fighting
 + Level 11.1 Long Blades
 - Level 1.7 Throwing
 + Level 11.2 Dodging
 - Level 1.4 Stealth
 + Level 14.0 Invocations


You had 12 spell levels left.
You didn't know any spells.
Your spell library contained the following spells:

 Spells                   Type           Power        Failure   Level
 Corona                   Hex            #......      89%         1
 Shock                    Conj/Air       #...         89%         1
 Corpse Rot               Necr/Air       N/A          96%         2
 Slow                     Hex            #.......     96%         2
 Sublimation of Blood     Necr           #.........   96%         2
 Swiftness                Air            #.......     96%         2
 Confusing Touch          Hex            #.......     99%         3
 Gell's Gravitas          Tloc           #.........   99%         3
 Inner Flame              Hex/Fire       #.......     99%         3
 Portal Projectile        Hex/Tloc       #.....       99%         3
 Static Discharge         Conj/Air       #.......     99%         3
 Airstrike                Air            #.........   100%        4
 Cause Fear               Hex            #.........   100%        4
 Dispel Undead            Necr           #.......     100%        4
 Leda's Liquefaction      Hex/Erth       #.........   100%        4
 Petrify                  Tmut/Erth      #.......     100%        4
 Agony                    Necr           #.......     100%        5
 Excruciating Wounds      Necr           #.........   100%        5
 Lightning Bolt           Conj/Air       #.........   100%        5
 Metabolic Englaciation   Hex/Ice        #.........   100%        5
 Yara's Violent Unravell  Hex/Tmut       #.........   100%        5


Dungeon Overview and Level Annotations

Branches:
Dungeon (12/15)            Temple (0/1) D:6            Lair (0/6) D:9
    Orc (0/2) D:12

Altars:
Kikubaaqudgha
Makhleb
Qazlal
Ru
Zin
The Shining One
Beogh

Shops:
D:8 [   D:12 *

Annotations:
D:6 1 runed translucent door, felt's ghost, novice GnWn
D:7 1 runed translucent door
D:9 5 runed translucent doors
D:12 3 runed translucent doors, Snorg; Sonja; snetch's ghost, journeyman MiBe


Innate Abilities, Weirdness & Mutations

You have hooves in place of feet.
You have a moderately thin skeletal structure. (Dex +4, Stealth+)
Your flesh is cold resistant. (rC+)
A weak demonic guardian rushes to your aid.
You are immune to freezing clouds.
[Armour fits poorly on your strangely shaped body.]
[Your body often deteriorates upon taking damage.]


Message History

You kick the starspawn tentacle!
The starspawn tentacle is heavily damaged.
The small abomination hits you!
* * * LOW HITPOINT WARNING * * *
Your body deteriorates!
You feel weakened.
Your ufetubus hits the small abomination but does no damage.
Your ufetubus barely misses the small abomination.
Unknown command.
You feel much better.
You feel yourself slow down. The tentacled starspawn bites you!!
* * * LOW HITPOINT WARNING * * *
Your body deteriorates!
You feel clumsy.
The tentacled starspawn barely misses you.
* * * LOW HITPOINT WARNING * * *
The starspawn tentacle constricts you.
Your ufetubus hits the small abomination.
Your ufetubus hits the small abomination but does no damage.
The small abomination hits you!
You die...

.. .. .
................. ##
. .
.##..................
# ... .##...
#..##..## .##.
....##..##3.##..#
.... ....5.......
................. ..
#.5...#.....# .
##x..###...# #@....#
...#
#....wwX..........
#.....V........ ..
.................
......#.....#....
.....###...###...
..... ..... .. .....
.....


You could see a tentacled starspawn, a smoke demon, a small abomination, 2
starspawn tentacles, a friendly iron imp (summoned) and a friendly ufetubus
(summoned).

Vanquished Creatures
  2 tentacled starspawn
  Gastronok (D:11)
  Erolcha (D:12)
  A boulder beetle (D:12)
  Erica (D:9)
  A two-headed ogre (D:10)
  3 death yaks (D:9)
  A thrashing horror (Abyss:2)
  A wretched star (Abyss:2)
  An unseen horror (D:12)
  An ugly thing (D:12)
  A cyclops (D:12)
  Maggie (D:9)
  Psyche (D:11)
  2 gargoyles (D:12)
  3 smoke demons (Abyss:2)
  2 efreet
  A silent spectre (Abyss:2)
  2 trolls
  3 ancient zymes (Abyss:2)
  3 large abominations (Abyss:2)
  Prince Ribbit (D:9)
  A wraith (D:12)
  3 ynoxinuls
  14 yaks
  Edmund (D:5)
  An acid dragon (D:12)
  A water moccasin (D:10)
  A hornet zombie (D:11)
  4 orc warriors
  4 small abominations
  2 black bears
  5 ice beasts
  An eye of draining (Abyss:2)
  3 sky beasts
  6 ogres
  2 necrophages
  4 centaurs
  4 phantoms
  3 big kobolds
  5 bullfrogs
  A gnoll sergeant (D:9)
  A wyvern skeleton (D:6)
  6 scorpions
  14 killer bees
  A water moccasin skeleton (D:9)
  17 wights
  3 howler monkeys
  2 centaur zombies
  2 quasits
  A bullfrog zombie (D:8)
  4 centaur skeletons
  3 hounds
  4 orc priests
  6 bullfrog skeletons
  8 iguanas
  12 orc wizards
  12 worker ants
  2 hound skeletons
  4 gnolls (D:9)
  11 adders
  2 shadow imps (D:10)
  An ufetubus (D:6)
  An ooze (D:2)
  An adder zombie (D:8)
  5 adder skeletons
  6 worms
  2 leopard geckos (D:1)
  34 orcs
  A giant cockroach (D:2)
  15 goblins
  7 hobgoblins
  6 jackals
  9 quokkas
  A ball python (D:3)
  7 bats
  3 frilled lizards
  13 kobolds
  A quokka skeleton (D:7)
  11 rats
  2 starspawn tentacles
341 creatures vanquished.

Vanquished Creatures (collateral kills)
  A two-headed ogre (D:12)
  A centaur skeleton (D:11)
  2 yaks
  An ice beast (D:10)
  Blork the orc (D:4)
  A howler monkey (D:8)
  2 orc wizards
  2 worker ants
  A hound skeleton (D:6)
  Robin (D:3)
  An adder (D:7)
  A shadow imp (D:6)
  4 orcs
  2 goblins (D:3)
  5 kobolds
  A quokka (D:9)
27 creatures vanquished.

Vanquished Creatures (others)
  7 starspawn tentacles
7 creatures vanquished.

Grand Total: 375 creatures vanquished

Notes
Turn   | Place    | Note
-------+----------+-------------------------------------------
     0 | D:1      | grandjackal the Demonspawn Gladiator began the quest for
                  | the Orb.
     0 | D:1      | Reached XP level 1. HP: 16/16 MP: 1/1
   195 | D:1      | Gained mutation: You have large cloven feet. [demonic
                  | ancestry]
   195 | D:1      | Reached XP level 2. HP: 22/22 MP: 2/2
   389 | D:2      | Reached XP level 3. HP: 17/28 MP: 3/3
  1185 | D:2      | Gained mutation: A weak demonic guardian rushes to your
                  | aid. [demonic ancestry]
  1185 | D:2      | Reached XP level 4. HP: 25/34 MP: 4/4
  1522 | D:3      | Noticed Robin
  1840 | D:3      | Killed Robin
  2361 | D:3      | Noticed an ogre
  2364 | D:3      | Killed an ogre
  2364 | D:3      | Gained mutation: You have a somewhat thin skeletal
                  | structure. (Dex +2, Stealth) [demonic ancestry]
  2364 | D:3      | Reached XP level 5. HP: 31/41 MP: 5/5
  2453 | D:3      | Found a sacrificial altar of Ru.
  3030 | D:4      | Gained mutation: Your flesh is cold resistant. (rC+)
                  | [demonic ancestry]
  3030 | D:4      | Reached XP level 6. HP: 28/48 MP: 6/6
  3234 | D:4      | Noticed Blork the orc
  3241 | D:4      | Killed Blork the orc
  3328 | D:4      | Reached skill level 1 in Stealth
  3842 | D:4      | Found a glowing silver altar of Zin.
  3842 | D:4      | Found an ancient bone altar of Kikubaaqudgha.
  3848 | D:4      | Found a glowing golden altar of the Shining One.
  3850 | D:4      | Found a faded altar of an unknown god.
  3851 | D:4      | Found a burning altar of Makhleb.
  3969 | D:4      | Became a worshipper of Makhleb the Destroyer
  4131 | D:5      | Entered Level 5 of the Dungeon
  4171 | D:5      | Reached skill level 1 in Invocations
  4171 | D:5      | Reached XP level 7. HP: 55/55 MP: 6/8
  4368 | D:5      | Reached skill level 2 in Invocations
  4700 | D:5      | Noticed Edmund
  4734 | D:5      | Killed Edmund
  4734 | D:5      | Reached skill level 5 in Dodging
  4734 | D:5      | Reached skill level 3 in Invocations
  4738 | D:5      | Reached skill level 5 in Fighting
  4738 | D:5      | Reached skill level 5 in Long Blades
  5120 | D:5      | Gained mutation: You have hoof-like feet. [demonic
                  | ancestry]
  5120 | D:5      | Reached XP level 8. HP: 47/62 MP: 10/10
  5398 | D:6      | Reached skill level 4 in Invocations
  5490 | D:6      | Reached * piety under Makhleb
  5740 | D:6      | Reached skill level 5 in Invocations
  6153 | D:6      | Found a staircase to the Ecumenical Temple.
  6529 | D:6      | Found a runed translucent door.
  6534 | D:6      | Noticed felt's ghost (novice GnWn)
  6893 | D:7      | Reached skill level 6 in Invocations
  7015 | D:7      | Found the +9 sword of Zonguldrok {reap}
  7021 | D:7      | Gained mutation: You are immune to freezing clouds.
                  | [demonic ancestry]
  7021 | D:7      | Reached XP level 9. HP: 70/70 MP: 13/13
  7520 | D:7      | Reached ** piety under Makhleb
  7720 | D:7      | Found a runed translucent door.
  7720 | D:7      | Found a glowing golden altar of the Shining One.
  7720 | D:7      | Noticed an angel
  7761 | D:7      | Reached skill level 7 in Invocations
  8221 | D:8      | Found Enoucoi's Armour Shop.
  8239 | D:8      | Bought the cursed +1 chain mail of Noughts and Crosses
                  | {*Drain rC+ Regen+ Str+3} for 275 gold pieces
  8530 | D:9      | Noticed a death yak
  8530 | D:9      | Noticed a death yak
  8535 | D:9      | Noticed a death yak
  8544 | D:9      | Reached skill level 8 in Invocations
  8560 | D:9      | Noticed Prince Ribbit
  8642 | D:9      | Killed a death yak
  8642 | D:9      | Gained mutation: You have a moderately thin skeletal
                  | structure. (Dex +4, Stealth+) [demonic ancestry]
  8642 | D:9      | Reached XP level 10. HP: 48/80 MP: 16/16
  8699 | D:9      | Killed a death yak
  8786 | D:9      | Killed a death yak
  8786 | D:9      | Reached skill level 9 in Invocations
  8791 | D:9      | Reached *** piety under Makhleb
  8883 | D:9      | Found a staircase to the Lair.
  8888 | D:9      | Killed Prince Ribbit
  8924 | D:9      | Noticed Erica
  8936 | D:9      | Killed Erica
  8988 | D:9      | Noticed Maggie
  8999 | D:9      | Killed Maggie
  8999 | D:9      | Reached skill level 10 in Invocations
  9273 | D:9      | Found the +9 staff of Olgreb {rPois∞}
  9308 | D:9      | Found a runed translucent gate.
  9308 | D:9      | Found a runed translucent gate.
  9309 | D:9      | Found a runed translucent door.
  9319 | D:9      | Found a runed translucent gate.
  9327 | D:9      | Found a runed translucent door.
  9351 | D:9      | Gained mutation: You have hooves in place of feet. [demonic
                  | ancestry]
  9351 | D:9      | Reached XP level 11. HP: 87/87 MP: 18/18
  9647 | D:10     | Entered Level 10 of the Dungeon
  9687 | D:10     | Reached **** piety under Makhleb
  9905 | D:10     | Noticed a two-headed ogre
  9913 | D:10     | Killed a two-headed ogre
 10733 | D:11     | Reached ***** piety under Makhleb
 10857 | D:11     | Noticed Gastronok
 10871 | D:11     | Killed Gastronok
 10871 | D:11     | Reached skill level 11 in Invocations
 11132 | D:11     | Noticed Psyche
 11138 | D:11     | Killed Psyche
 11223 | D:11     | Reached skill level 10 in Fighting
 11226 | D:11     | Found a stormy altar of Qazlal.
 11473 | D:12     | Noticed Erolcha
 11481 | D:12     | Killed Erolcha
 11495 | D:12     | Reached XP level 12. HP: 93/97 MP: 20/20
 11526 | D:12     | Noticed a two-headed ogre
 11534 | D:12     | Killed a two-headed ogre
 11606 | D:12     | Reached skill level 12 in Invocations
 11667 | D:12     | Reached skill level 10 in Long Blades
 11667 | D:12     | Reached skill level 10 in Dodging
 11667 | D:12     | Reached skill level 13 in Invocations
 11667 | D:12     | Reached XP level 13. HP: 87/106 MP: 22/22
 11721 | D:12     | Identified the +11 halberd of Plunder {flame, *Contam +Rage
                  | +Inv Dex+2}
 11721 | D:12     | Identified the cursed +1 plate armour of Life {Int+6}
 11721 | D:12     | Noticed snetch's ghost (journeyman MiBe)
 11723 | D:12     | Found a runed translucent gate.
 11723 | D:12     | Found a runed translucent gate.
 11723 | D:12     | Found a runed translucent gate.
 11724 | D:12     | Found a roughly hewn altar of Beogh.
 11776 | D:12     | Found a staircase to the Orcish Mines.
 11782 | D:12     | Found Ezxas's Changing Room.
 12071 | D:12     | Noticed Snorg
 12073 | D:12     | Noticed Sonja
 12077 | D:12     | Cast into level 2 of the Abyss (Sonja)
 12077 | Abyss:2  | Found a corrupted altar of Lugonu.
 12341 | Abyss:2  | Noticed a profane servitor
 12445 | Abyss:2  | Noticed a tentacled starspawn
 12451 | Abyss:2  | Killed a tentacled starspawn
 12580 | D:12     | Escaped the Abyss
 12778 | D:12     | Cast into level 1 of the Abyss (Sonja)
 12781 | Abyss:1  | Noticed a tentacled starspawn
 12781 | Abyss:1  | Noticed a blizzard demon
 12791 | Abyss:1  | Killed a tentacled starspawn
 12830 | Abyss:1  | Reached skill level 14 in Invocations
 12834 | Abyss:1  | Noticed a starcursed mass
 12834 | Abyss:1  | Noticed a bone dragon
 12840 | Abyss:1  | Noticed an eidolon
 12845 | Abyss:1  | Noticed a tentacled starspawn
 12877 | Abyss:1  | Noticed a tentacled starspawn
 12885 | Abyss:1  | Slain by a small abomination

Illustrated notes

Levels and vault maps discovered:
D:1:      dpeg_arrival_line_fractal, layout_rooms, serial_glass,
          glass_columns_a, glass_columns_b, glass_columns_a, glass_columns_a,
          glass_columns_c, glass_columns_a, glass_columns_a, glass_columns_b
D:2:      layout_loops_ring, minmay_heptomino_l4
D:3:      layout_basic, nicolae_ru_great_annihilating_truth, uniq_robin
D:4:      layout_cave_pools, chequers_temple_overflow_minitemple,
          kennysheep_generic_room_4, uniq_blork_the_orc
D:5:      layout_loops_ring, uniq_edmund
D:6:      layout_basic, minmay_temple_entry_junction,
          hellmonk_ghost_happy_afterlife, minmay_holes, columned_hall_lemuel
D:7:      layout_rooms, lemuel_angel_altar
D:8:      layout_cave_pools, serial_shops, nicolae_shop_trees
D:9:      layout_basic, dpeg_lair_monsters,
          minmay_guarded_unrand_staff_of_olgreb, uniq_erica,
          uniq_prince_ribbit1, uniq_maggie
D:10:     layout_stronghold
D:11:     layout_basic, basic_altar, uniq_psyche, uniq_gastronok
D:12:     layout_cross, orc_0_dummy, biasface_ghost_orc_armoury,
          minmay_misc_feat_pillars, nicolae_transmutations_shop, uniq_snorg,
          uniq_sonja, uniq_erolcha
Abyss:1:  base: D:6, hangedman_decor_peaks_small, hangedman_abyss_stitches_cave

Skill      XL: |  1  2  3  4  5  6  7  8  9 10 11 12 13 |
---------------+----------------------------------------+-----
Long Blades    | 3 4 5 6 7 8 9 10 11 | 11.1
Dodging        | 3 4 5 6 7 8 9 10 11 | 11.2
Fighting       | 3 4 5 6 7 8 10 11 | 11.8
Stealth        | 1 |  1.4
Invocations    | 1 3 6 8 10 11 13 14 | 14.0
Throwing       | |  1.7

Action                   |  1- 3 |  4- 6 |  7- 9 | 10-12 | 13-15 || total
-------------------------+-------+-------+-------+-------+-------++-------
Melee: Long sword        |    79 |   168 |   276 |       |       ||   523
       Kick              |    18 |    65 |   146 |   132 |    60 ||   421
       Double sword      |       |       |    54 |   283 |   116 ||   453
Throw: Throwing net      |       |       |     3 |     1 |       ||     4
       Dart              |       |       |     3 |       |       ||     3
Evoke: Tin of tremorston |       |       |       |     3 |       ||     3
       Wand              |       |       |       |     1 |       ||     1
  Use: Scroll            |       |    10 |     1 |     1 |     6 ||    18
       Potion            |       |       |       |     3 |     5 ||     8
 Stab: Distracted        |       |     2 |     5 |       |     1 ||     8
       Sleeping          |       |     2 |     4 |       |       ||     6
       Paralysed         |       |     1 |       |       |       ||     1
       Held in net/web   |       |       |     2 |     1 |       ||     3
Armor: Leather armour    |    17 |    40 |    75 |       |       ||   132
       Chain mail        |       |       |    20 |   145 |    55 ||   220
Dodge: Dodged            |    67 |   148 |   264 |   192 |    90 ||   761
       Rpst.: Long sword |    16 |    52 |    75 |       |       ||   143
       Double sword      |       |       |     7 |    50 |    16 ||    73

Table legend: (Time is in decaauts)
 A = Elapsed time spent in this place.
 B = Non-inter-level travel time spent in this place.
 C = Inter-level travel time spent in this place.
 D = Time resting spent in this place.
 E = Time spent auto-exploring this place.
 F = Levels seen in this place.
 G = Mean time per level.
                   A        B        C        D        E       F      G
               +--------+--------+--------+--------+--------+-----+--------+
         Total |  13024 |  12761 |    263 |   3831 |   6145 |  14 |  930.3 |
       Dungeon |  12422 |  12159 |    263 |   3783 |   6145 |  12 | 1035.2 |
         Abyss |    602 |    602 |      0 |     48 |      0 |   2 |  301.0 |
               +--------+--------+--------+--------+--------+-----+--------+

Top non-repeatable levels by time:
     D:6: 1974 daAuts
     D:2: 1928 daAuts
     D:5: 1233 daAuts
     D:4: 1138 daAuts
    D:10: 1041 daAuts
    D:11: 995 daAuts
     D:9: 986 daAuts
     D:3: 801 daAuts
     D:7: 707 daAuts
     D:8: 671 daAuts
    D:12: 619 daAuts
 Abyss:2: 512 daAuts
     D:1: 325 daAuts
 Abyss:1: 89 daAuts
